 Dungeon Crawl Stone Soup version 0.30.0-29-ga12c61a403 (webtiles) character file.

Game seed: 17811455827387125914

7998 Fecro the Covert (level 11, 0/53 HPs)
             Began as a Spriggan Brigand on June 21, 2023.
             Was a Believer of Dithmenos.
             Succumbed to barbed spike wounds
             ... on level 9 of the Dungeon on June 22, 2023.
             The game lasted 01:02:50 (13851 turns).

Fecro the Covert (Spriggan Brigand)                Turns: 13851, Time: 01:02:50

Health: 0/53       AC:  6    Str:  7    XL:     11   Next: 4%
Magic:  17/17      EV: 22    Int: 20    God:    Dithmenos [**....]
Gold:   715        SH:  0    Dex: 20    Spells: 16/17 levels left

rFire   + . .        a - +2 dagger (speed)
rCold   x . .        (no shield)
rNeg    . . .        G - +0 steam dragon scales
rPois   .            (helmet restricted)
rElec   .            c - +0 cloak
rCorr   .            (gloves unavailable)
SInv    +            (boots unavailable)
Will    +....        (no amulet)
Stlth   ++++++++     r - +6 ring of intelligence
HPRegen 0.28/turn    K - ring of fire
MPRegen 0.15/turn

%: no passive effects
@: spiked, wreathed by umbra, very quick
A: very small, no large weapons, unfitting armour, see invisible, speed 3
a: Renounce Religion, Shadow Step


You were on level 9 of the Dungeon.
You worshipped Dithmenos.
Dithmenos was pleased with you.
You visited 2 branches of the dungeon, and saw 10 of its levels.

You collected 715 gold pieces.

Inventory:

Hand Weapons
 a - a +2 dagger of speed (weapon)
 e - a +0 shortbow
Missiles
 d - 30 poisoned darts
 h - 96 stones
 x - a curare-tipped dart
 I - 2 boomerangs (quivered)
Armour
 c - a +0 cloak (worn)
 G - +0 steam dragon scales (worn)
Jewellery
 r - a +6 ring of intelligence (left hand)
 K - a ring of fire (right hand)
Wands
 s - a wand of flame (7)
Scrolls
 f - a scroll of brand weapon
 g - 2 scrolls of teleportation
 i - 2 scrolls of immolation
 k - a scroll of fog
 m - 2 scrolls of poison
 o - 2 scrolls of summoning
 q - 2 scrolls of magic mapping
 y - a scroll of amnesia {unknown}
 B - a scroll of fear {unknown}
 D - 2 scrolls of noise {unknown}
 H - a scroll of silence {unknown}
 L - a scroll of identify
Potions
 b - 2 potions of lignification
 j - 5 potions of heal wounds
 l - a potion of attraction {unknown}
 n - a potion of degeneration {unknown}
 p - 6 potions of curing
 t - a potion of brilliance {unknown}
 u - 3 potions of mutation
 v - a potion of ambrosia {unknown}
 w - a potion of invisibility
 z - 2 potions of berserk rage {unknown}
 A - 3 potions of might
 C - a potion of cancellation {unknown}
 E - a potion of haste {unknown}
 F - a potion of flight {unknown}


   Skills:
 + Level 4.2 Fighting
 + Level 7.5 Short Blades
 * Level 10.9 Throwing
 + Level 7.4 Dodging
 + Level 13.8 Stealth
 * Level 3.8 Spellcasting
 + Level 1.4 Evocations


You had 16 spell levels left.
You knew the following spells:

 Your Spells              Type           Power      Damage    Failure   Level
a - Magic Dart            Conj           12%        1d3       13%         1

Your spell library contained the following spells:

 Spells                   Type           Power      Damage    Failure   Level
 Blink                    Tloc           6%         N/A       21%         2
 Call Imp                 Summ           6%         N/A       21%         2
 Lesser Beckoning         Tloc           6%         N/A       21%         2
 Momentum Strike          Conj/Tloc      6%         3d8       21%         2
 Dazzling Flash           Conj/Hex       6%         N/A       36%         3
 Mephitic Cloud           Conj/Pois/Air  3%         N/A       36%         3
 Ozocubu's Armour         Ice            3%         N/A       36%         3
 Volatile Blastmotes      Fire/Tloc      10%        2d10      36%         3
 Iskenderun's Mystic Bla  Conj/Tloc      3%         2d3       78%         4
 Manifold Assault         Tloc           3%         N/A       78%         4
 Agony                    Necr           3%         N/A       98%         5
 Fireball                 Conj/Fire      2%         3d4       98%         5
 Iskenderun's Battlesphe  Conj           3%         2d6       98%         5
 Silence                  Hex/Air        1%         N/A       98%         5
 Conjure Ball Lightning   Conj/Air       1%         3x3d6     100%        6
 Starburst                Conj/Fire      2%         6d3       100%        6
 Orb of Destruction       Conj           1%         9d5       100%        7
 Ozocubu's Refrigeration  Ice            1%         4d7       100%        7
 Storm Form               Tmut/Air       1%         N/A       100%        7


Dungeon Overview and Level Annotations

Branches:
Dungeon (9/15)             Temple (1/1) D:6
   Lair: D:8-11         Orc: D:9-12

Altars:
Ashenzari
Cheibriados
Dithmenos
Elyvilon
Fedhas
Gozag
Hepliaklqana
Kikubaaqudgha
Nemelex Xobeh
Okawaru
Qazlal
Ru
Sif Muna
Trog
Vehumet
Wu Jian
Xom
Yredelemnul
Zin
The Shining One

Shops:
D:5 *   D:6 [

Annotations:
Temple 2 transporters


Innate Abilities, Weirdness & Mutations

You are very small and have problems with some larger weapons.
You are too small for most types of armour.
You have supernaturally acute eyesight. (SInv)
You cover ground extremely quickly. (Speed+++)


Message History

You hit the kobold brigand.
The kobold brigand is heavily wounded.
You hit the kobold brigand.
The kobold brigand is severely wounded.
You hit the kobold brigand.
The kobold brigand is almost dead.
The kobold brigand completely misses you.
You hit the kobold brigand.
You kill the kobold brigand!
Dithmenos accepts your kill.
d - 30 poisoned darts (gained 3);
K - a ring of fire
p - 6 potions of curing (gained 1);
L - a scroll of identify You now have 715 gold pieces (gained 39).
You see here a +0 club.
You feel more attuned to fire.
K - a ring of fire (right hand)
You drop a ring of resist corrosion.
Found a glowing wooden wand.
The manticore flicks its tail.
The volley of spikes hits you!!
The barbed spikes become lodged in your body.
The barbs in your skin will harm you if you move.
Continue? [Y]es or [N]o only, please.
The barbs in your skin will harm you if you move.
Continue?
Okay, then.
The barbs in your skin will harm you if you move.
Continue?
The barbed spikes dig painfully into your body as you move.
The barbed spikes dig painfully into your body as you move.
The barbed spikes dig painfully into your body as you move.
The barbed spikes dig painfully into your body as you move.
You open the door.
The barbed spikes dig painfully into your body as you move.
* * * LOW HITPOINT WARNING * * *
The manticore flicks its tail.
The volley of spikes hits you!
The barbed spikes become lodged in your body.
* * * LOW HITPOINT WARNING * * *
There is an open door here.
The barbed spikes dig painfully into your body as you move.
You die...

####....#######
#.............# ##
#.#####+#####.#
.###.#...=.....#.#
..##.#.###.###.#.# ######
...#.#.#...#.#.#.# #....#
...#.#.###.#.#.#.# #....#
...#.'.........'.## ##....#
...#.#.#.#H###.#@.######.>...#
.....#.#.#../#.#..........####
..##.#.# #.###.#..#####.###
.....#.. ..H ..#..#####.#
'####### #+# ###........#####
[..## #...####.....# .#K^##
#..## #<.)..# .#...# #..###
#.....# ##...####+C+
#....###.....#


There were no monsters in sight!

Vanquished Creatures
  Erolcha (D:9)
  A two-headed ogre (D:8)
  Pikel (D:4)
  3 orc sorcerers (D:9)
  Grinder (D:4)
  7 yaks
  A wyvern (D:7)
  Grum (D:9)
  2 steam dragons
  Edmund (D:4)
  A water moccasin (D:6)
  Duvessa (D:4)
  2 orc warriors (D:6)
  An ice beast (D:5)
  An ogre (D:5)
  3 wolves (D:9)
  A black bear (D:6)
  A centaur (D:9)
  3 phantoms
  4 kobold brigands
  3 bullfrogs
  3 gnoll sergeants
  6 scorpions
  Dowan (D:4)
  A wight (D:9)
  2 killer bees (D:9)
  3 howler monkeys
  3 jellies
  A hound (D:5)
  2 orc priests
  4 iguanas
  10 orc wizards
  4 gnolls
  10 adders
  2 shadow imps
  A white imp (D:7)
  3 ufetubi (D:4)
  2 worms
  4 dart slugs
  34 orcs
  8 ball pythons
  8 endoplasms
  2 giant cockroaches
  6 goblins
  6 hobgoblins
  7 jackals
  2 quokkas
  5 bats
  4 frilled lizards
  20 kobolds
  5 rats
209 creatures vanquished.

Vanquished Creatures (others)
  An orc wizard (D:6)
  An adder (D:6)
  An orc (D:6)
3 creatures vanquished.

Grand Total: 212 creatures vanquished

Notes
Turn   | Place    | Note
-------+----------+-------------------------------------------
     0 | D:1      | Fecro the Spriggan Brigand began the quest for the Orb.
     0 | D:1      | Reached XP level 1. HP: 10/10 MP: 2/2
    15 | D:1      | Reached skill level 6 in Stealth
   230 | D:1      | Reached XP level 2. HP: 14/14 MP: 3/3
   376 | D:1      | Found a faded altar of an unknown god.
   662 | D:2      | Reached skill level 7 in Stealth
   723 | D:2      | Reached XP level 3. HP: 16/18 MP: 4/4
  1662 | D:3      | Reached skill level 8 in Stealth
  1662 | D:3      | Reached XP level 4. HP: 9/23 MP: 5/5
  2181 | D:3      | Reached XP level 5. HP: 26/26 MP: 6/6
  2583 | D:4      | Noticed a phantom
  2775 | D:4      | Killed a phantom
  2807 | D:4      | Noticed a phantom
  2958 | D:4      | Killed a phantom
  2959 | D:4      | Reached skill level 9 in Stealth
  2959 | D:4      | Reached XP level 6. HP: 30/30 MP: 7/7
  2971 | D:4      | Noticed Grinder
  3063 | D:4      | Paralysed by Grinder for 5 turns
  3103 | D:4      | Killed Grinder
  3104 | D:4      | Reached skill level 5 in Throwing
  3104 | D:4      | Reached XP level 7. HP: 34/34 MP: 8/8
  3362 | D:4      | Noticed Dowan
  3363 | D:4      | Noticed Duvessa
  3455 | D:4      | Killed Duvessa
  3526 | D:4      | Killed Dowan
  3819 | D:4      | Noticed Edmund
  3835 | D:4      | Killed Edmund
  4164 | D:5      | Entered Level 5 of the Dungeon
  4556 | D:5      | Reached skill level 10 in Stealth
  4627 | D:5      | Reached XP level 8. HP: 39/39 MP: 9/9
  4847 | D:5      | Found Nunet's Assorted Antiques.
  5689 | D:5      | Found a shimmering altar of Xom.
  5884 | D:5      | Noticed Pikel
  6311 | D:4      | Killed Pikel
  6640 | D:5      | Found a white marble altar of Elyvilon.
  6949 | D:5      | Reached skill level 5 in Short Blades
  7026 | D:6      | Found Dely's Armour Emporium.
  7057 | D:6      | Reached XP level 9. HP: 44/44 MP: 10/10
  7291 | D:6      | Found a staircase to the Ecumenical Temple.
  7300 | Temple   | Entered the Ecumenical Temple
  7300 | Temple   | Found a transporter.
  7300 | Temple   | Found a transporter.
  7302 | Temple   | Found a transporter.
  7302 | Temple   | Found a transporter.
  7317 | Temple   | Became a worshipper of Dithmenos the Shadowed
  7339 | D:6      | Reached skill level 5 in Dodging
  7384 | D:6      | Reached skill level 11 in Stealth
  7850 | D:6      | Found an ornate altar of the Wu Jian Council.
  9161 | D:6      | Reached * piety under Dithmenos
 10182 | D:7      | Found the +8 lance "Wyrmbane" {slay drac, rPois rF+ rC+
                  | AC+3}
 10431 | D:7      | Reached skill level 12 in Stealth
 11949 | D:7      | Reached XP level 10. HP: 45/49 MP: 11/11
 12321 | D:8      | Reached ** piety under Dithmenos
 12716 | D:8      | Noticed a two-headed ogre
 12801 | D:8      | Killed a two-headed ogre
 12802 | D:8      | Reached skill level 1 in Spellcasting
 12945 | D:9      | Noticed Erolcha
 13062 | D:9      | Reached skill level 10 in Throwing
 13150 | D:9      | Noticed an orc sorcerer
 13150 | D:9      | Noticed an orc sorcerer
 13169 | D:9      | Learned a level 1 spell: Magic Dart
 13182 | D:9      | Noticed Grum
 13216 | D:9      | Noticed a manticore
 13227 | D:9      | Killed an orc sorcerer
 13230 | D:9      | Noticed an orc sorcerer
 13231 | D:9      | Killed an orc sorcerer
 13232 | D:9      | Reached skill level 13 in Stealth
 13233 | D:9      | Killed an orc sorcerer
 13237 | D:9      | Noticed a cyclops
 13237 | D:9      | Noticed a centaur warrior
 13237 | D:9      | Noticed a centaur warrior
 13372 | D:9      | Killed Erolcha
 13622 | D:9      | Reached skill level 1 in Evocations
 13704 | D:9      | Reached XP level 11. HP: 53/53 MP: 17/17
 13755 | D:9      | Killed Grum
 13851 | D:9      | Succumbed to barbed spike wounds

Illustrated notes

Levels and vault maps discovered:
D:1:      dreamdust_arrival_sigmund_warning, layout_basic,
          dreamdust_ecumenical_altar_statues
D:2:      layout_loops_ring, columned_hall_lemuel,
          chequers_serial_rivers_small_a, minmay_misc_feat_columns,
          minmay_misc_feat_diagonals, nicolae_titane
D:3:      layout_basic, chequers_decorated_corner, minmay_misc_feat_five,
          chequers_avenue, minmay_pentangle
D:4:      nicolae_cairo_tiling_very_big, layout_gridville, portal_sewer_entry_d,
          uniq_duvessa, uniq_grinder, uniq_edmund
D:5:      layout_gridville, xom_teletrap_fun, nicolae_elyvilon_temple_path,
          serial_shops, nicolae_shop_stone, uniq_pikel
D:6:      cheibrodos_quashed, layout_layer_cave, nicolae_overflow_crystal_walls,
          temple_fountains, serial_shops, shop
D:7:      layout_cave_pools, serial_rivers, chequers_serial_rivers_micro_b,
          chequers_serial_rivers_room_a, chequers_serial_rivers_small_b,
          chequers_serial_rivers_large_b, chequers_serial_rivers_micro_e
D:8:      layout_basic
D:9:      minmay_the_grid_net [minmay_the_grid_tri_star,
          minmay_the_grid_broken_lines, minmay_the_grid_minigrid_small,
          minmay_the_grid_medium_cups, minmay_the_grid_aliased_spiral,
          minmay_the_grid_prize_four_corners], layout_rooms, uniq_erolcha,
          uniq_grum
Temple:   hellmonk_temple_divided_pantheon

Skill      XL: |  1  2  3  4  5  6  7  8  9 10 |
---------------+-------------------------------+-----
Stealth        | 6 7 8 9 10 12 13 | 13.8
Short Blades   | 3 5 6 7 |  7.5
Throwing       | 4 5 6 7 9 10 | 10.9
Dodging        | 2 3 4 6 7 |  7.4
Fighting       | 2 3 4 |  4.2
Spellcasting   | 3 |  3.8
Evocations     | 1 |  1.4

Action                     |  1- 3 |  4- 6 |  7- 9 | 10-12 || total
---------------------------+-------+-------+-------+-------++-------
  Melee: Dagger            |   122 |    51 |   590 |   197 ||   960
         Punch             |       |       |     8 |     3 ||    11
  Throw: Dart              |     1 |       |    94 |    19 ||   114
         Boomerang         |       |    90 |    29 |    33 ||   152
         Stone             |       |       |     4 |       ||     4
         Throwing net      |       |       |     1 |       ||     1
   Cast: Magic Dart        |       |       |       |     1 ||     1
  Evoke: Wand              |       |       |     3 |     3 ||     6
    Use: Scroll            |       |       |       |    16 ||    16
   Stab: Sleeping          |    19 |     5 |    11 |    12 ||    47
         Distracted        |       |       |     2 |       ||     2
         Paralysed         |       |       |     1 |     1 ||     2
 Armour: Robe              |    14 |     4 |    22 |       ||    40
         Steam dragon scal |       |       |    13 |     8 ||    21
  Dodge: Dodged            |    82 |    33 |   397 |   108 ||   620
